 Dungeon Crawl Stone Soup version 0.25.0-11-g1f837a76a1 (console) character file.

Game seed: 18347020537898142705

33 bli the Shield-Bearer (level 3, -4/33 HPs)
             Began as a Deep Dwarf Fighter on June 27, 2020.
             Killed from afar by Sigmund (6 damage)
             ... with a magic dart
             ... on level 2 of the Dungeon.
             The game lasted 00:03:32 (1016 turns).

bli the Shield-Bearer (Deep Dwarf Fighter)          Turns: 1016, Time: 00:03:33

Health: -4/33      AC:  6    Str: 20    XL:     3   Next: 12%
Magic:  3/3        EV:  8    Int:  8    God:
Gold:   94         SH: 10    Dex: 18    Spells: 2/2 levels left

rFire    . . .     SeeInvis .   a - +0 war axe
rCold    . . .     Gourm    .   c - +0 kite shield
rNeg     . . .     Faith    .   n - +0 ring mail (curse)
rPois    .         Spirit   .   (no helmet)
rElec    .         Reflect  .   (no cloak)
rCorr    .         Harm     .   m - +0 pair of gloves
MR       .....                  (no boots)
Stlth    +.........             (no amulet)
HPRegen  0.00/turn              l - +6 ring of dexterity
MPRegen  0.08/turn              (no ring)

@: non-regenerating
A: damage resistance, heal wounds, sense surroundings 1, no regeneration
a: Heal Wounds


You were on level 2 of the Dungeon.
You were not hungry.

You visited 1 branch of the dungeon, and saw 2 of its levels.

You collected 94 gold pieces.

Inventory:

Hand Weapons
 a - a +0 war axe (weapon)
Missiles
 e - 16 stones (quivered)
Armour
 b - a +0 scale mail
 c - a +0 kite shield (worn)
 m - a +0 pair of gloves (worn)
 n - a cursed +0 ring mail (worn)
Jewellery
 l - a +6 ring of dexterity (left hand)
Scrolls
 g - a scroll of remove curse {unknown}
 h - a scroll of amnesia {unknown}
 j - a scroll of blinking {unknown}
 k - a scroll of identify {unknown}
 o - a scroll of enchant armour {unknown}
Potions
 d - a potion of might
Comestibles
 f - 3 rations


   Skills:
 + Level 2.9 Fighting
 * Level 2.7 Axes
 + Level 3.5 Armour
 + Level 0.6 Dodging
 * Level 3.8 Shields


You had 2 spell levels left.
You didn't know any spells.
Your spell library was empty.

Dungeon Overview and Level Annotations

Branches:
Dungeon (2/15)

Altars:

Annotations:
D:2 Sigmund


Innate Abilities, Weirdness & Mutations

You are resistant to damage.
You can heal yourself by infusing magical energy.
You passively map a small area around you.
You do not regenerate.


Message History

You miss something. You block something's attack.
You miss something. Something hits you.
You miss something. Something hits you.
You miss something.
You hear some strange, mumbled words.
A magic dart appears from out of thin air!
The magic dart hits you.
You closely miss something. You block something's attack.
You miss something. You block something's attack.
You closely miss something. Something hits you!
* * * LOW HITPOINT WARNING * * *
You hit something. Something hits you.
You completely miss something. Something hits you!
* * * LOW HITPOINT WARNING * * *
You barely miss something. Something hits you but does no damage.
You miss something.
You hear some strange, mumbled words.
A magic dart appears from out of thin air!
The magic dart hits you!
You die...

* * * * * * #.# .# #.#
#.# #.#* #...# *
#..###..#.#
#.#...#.#.#
#.##.##.#.#
####.##.##.#.# *
#............# ,
#######.##..####...###
#...{@..##..# #......
#.########..# #.#.###
*,* #..# #.#.# ,
#..####.#.# * *
#.......#.#
###########.......#.#
.........#.....>...# *
##.....).#..####.###
*#...###..#..# #.# .
#.........# #.# ,,
#...#..##.# #.#####


There were no monsters in sight!

Vanquished Creatures
  2 dart slugs (D:1)
  2 leopard geckos (D:1)
  5 bats (D:1)
  A giant cockroach (D:2)
  2 goblins (D:1)
  5 hobgoblins (D:1)
  2 kobolds (D:1)
  4 frilled lizards (D:1)
  2 rats (D:1)
25 creatures vanquished.

Notes
Turn   | Place    | Note
-------+----------+-------------------------------------------
     0 | D:1      | bli the Deep Dwarf Fighter began the quest for the Orb.
     0 | D:1      | Reached XP level 1. HP: 20/20 MP: 1/1
   141 | D:1      | Reached XP level 2. HP: 18/27 MP: 2/2
   614 | D:1      | Reached XP level 3. HP: 9/33 MP: 3/3
  1000 | D:2      | Noticed Sigmund
  1016 | D:2      | Killed from afar by Sigmund

Illustrated notes

Levels and vault maps discovered:
D:1:      dpeg_arrival_circle_labyrinth_a, layout_basic, minmay_tripent
D:2:      layout_loops_ring, nicolae_overflow_crystal_walls, minivault_5,
          hangedman_abyss_or_decor_stabs, uniq_sigmund

Action                   || total
-------------------------++-------
Melee: War axe           ||   113
 Abil: Heal Wounds       ||     1
  Eat: Chunk             ||     1
Armor: Scale mail        ||    33
       Ring mail         ||     3
Dodge: Dodged            ||    27
Block: Kite shield       ||    62
